 Dungeon Crawl Stone Soup version 0.21-a0-496-g696f58f (webtiles) character file.

40 sagitran the Ogre Mage (level 3, 0/31 HPs)
             Began as an Ogre Wizard on Nov 23, 2017.
             Succumbed to an adder's poison
             ... on level 2 of the Dungeon.
             The game lasted 00:05:48 (941 turns).

sagitran the Ogre Mage (Ogre Wizard)                 Turns: 941, Time: 00:05:48

Health: 0/31       AC:  5    Str: 12    XL:     3   Next: 50%
Magic:  1/9        EV: 10    Int: 24    God:
Gold:   102        SH:  0    Dex:  7    Spells: 4/11 levels left

rFire    . . .     SeeInvis .   e - +0 hand axe
rCold    . . .     Gourm    .   (no shield)
rNeg     . . .     Faith    .   a - +0 robe
rPois    .         Spirit   .   g - +2 hat
rElec    .         Reflect  .   (no cloak)
rCorr    .         Harm     .   (gloves unavailable)
MR       .....                  (boots unavailable)
Stlth    +.........             (no amulet)
HPRegen  0.10/turn              (no ring)
MPRegen  0.11/turn              (no ring)

@: brilliant, lethally poisoned (0 -> -7), very slightly contaminated
A: large, unfitting armour, tough skin 1
a: no special abilities


You were on level 2 of the Dungeon.
You were not hungry.

You visited 1 branch of the dungeon, and saw 2 of its levels.

You collected 102 gold pieces.

Inventory:

Hand Weapons
 e - a +0 hand axe (weapon)
Missiles
 k - 20 stones (quivered)
Armour
 a - a +0 robe (worn)
 b - a +0 hat
 g - a +2 hat (worn)
Scrolls
 o - a scroll of remove curse
Books
 c - a book of Minor Magic

   Spells                             Type                      Level
   a - Magic Dart                     Conjuration                  1
   b - Blink                          Translocation                2
   c - Call Imp                       Summoning                    2
   d - Slow                           Hexes                        2
   e - Conjure Flame                  Conjuration/Fire             3
   f - Mephitic Cloud                 Conjuration/Poison/Air       3
Comestibles
 d - a bread ration
 j - a chunk of flesh
 l - a fruit
 m - 2 meat rations


   Skills:
 + Level 0.1 Axes
 + Level 2.0 Dodging
 + Level 1.5 Stealth
 + Level 0.1 Unarmed Combat
 + Level 4.8 Spellcasting
 + Level 1.0 Conjurations
 + Level 0.1 Hexes
 + Level 0.8 Summonings
 + Level 0.8 Translocations


You had 4 spell levels left.
You knew the following spells:

 Your Spells              Type           Power        Failure   Level  Hunger
a - Magic Dart            Conj           ####         1%          1    None
b - Blink                 Tloc           N/A          1%          2    None
c - Call Imp              Summ           ###.....     1%          2    None
d - Slow                  Hex            ###.....     1%          2    None


Dungeon Overview and Level Annotations

Branches:
Dungeon (2/15)

Altars:


Innate Abilities, Weirdness & Mutations

You are too large for most types of armour.
You have tough skin. (AC +1)


Message History

Press: ? - help, Shift-Dir - straight line, f/p - adder
Aim: an adder (moderately wounded)
The magic dart hits the adder.
The adder is heavily wounded.
The adder barely misses you.
Okay, then.
* * * LOW HITPOINT WARNING * * *
You feel sick.
You barely miss the adder.
The adder is heavily wounded.
* * * LOW HITPOINT WARNING * * *
You feel sick. The adder bites you but does no damage.
The adder barely misses you.
You hit the adder.
You kill the adder!
* * * LOW HITPOINT WARNING * * *
You feel sick.
You aren't carrying any potions.
You eat the royal jelly.
That royal jelly was delicious!
You die...

#.## ...# ### ......
. ..##.# .. # #
#.##.##.# .#.## ##
#.#....###....
#...###.#..##.#..#
#....@...##...# #
#...###.......####.#
# ####......<..#
###########


There were no monsters in sight!

Vanquished Creatures
  An adder (D:2)
  An ooze (D:1)
  A leopard gecko (D:1)
  3 goblins (D:1)
  2 hobgoblins (D:1)
  3 jackals (D:1)
  3 kobolds (D:1)
  2 ball pythons (D:1)
  4 bats (D:1)
  2 frilled lizards (D:1)
  4 rats (D:1)
26 creatures vanquished.

Vanquished Creatures (collateral kills)
  A jackal (D:1)
1 creature vanquished.

Grand Total: 27 creatures vanquished

Notes
Turn   | Place    | Note
-------+----------+-------------------------------------------
     0 | D:1      | sagitran the Ogre Wizard began the quest for the Orb.
     0 | D:1      | Reached XP level 1. HP: 16/16 MP: 5/5
    61 | D:1      | Reached skill level 4 in Spellcasting
   104 | D:1      | Reached XP level 2. HP: 24/24 MP: 5/7
   184 | D:1      | Learned a level 2 spell: Blink
   187 | D:1      | Learned a level 2 spell: Call Imp
   190 | D:1      | Learned a level 2 spell: Slow
   558 | D:1      | Reached XP level 3. HP: 27/31 MP: 4/8
   624 | D:1      | Reached skill level 1 in Conjurations
   940 | D:2      | HP: 1/31 [poisoned by an adder]
   941 | D:2      | Succumbed to an adder's poison

Vault maps used:
D:1:      dpeg_arrival_pits
D:2:      first_bread, nemelex_spade_bored_becter, uniq_sigmund, uniq_jessica,
          uniq_crazy_yiuf_cottage

Skill      XL: |  1  2  3 |
---------------+----------+-----
Spellcasting   | 4 |  4.8
Dodging        | 2 |  2.0
Conjurations   | 1 |  1.0
Axes           | |  0.1
Stealth        | |  1.5
Unarmed Combat | |  0.1
Hexes          | |  0.1
Summonings     | |  0.8
Translocations | |  0.8

Action                   || total
-------------------------++-------
Melee: Unarmed           ||     8
       Hand axe          ||    57
Throw: Stone             ||     1
 Cast: Magic Dart        ||    28
       Slow              ||     4
       Call Imp          ||     2
  Use: Scroll            ||     2
       Potion            ||     1
  Eat: Royal jelly       ||     1
Armor: Robe              ||    32
Dodge: Dodged            ||    56

Table legend:
 A = Spawn XP
 B = Non-spawn XP
 C = Spawn XP percentage of total XP
 D = Spawn monster count
 E = Non-spawn monster count
 F = Spawn count percentage of total count
 G = Total turns spent on level
                    A         B        C        D         E        F      G
               +---------+---------+-------+---------+---------+-------+---------
         Total |       0 |      58 |   0.0 |       0 |      27 |   0.0 |   941
               +---------+---------+-------+---------+---------+-------+---------
           D:1 |       0 |      45 |   0.0 |       0 |      26 |   0.0 |   910
           D:2 |       0 |      13 |   0.0 |       0 |       1 |   0.0 |    31
               +---------+---------+-------+---------+---------+-------+---------
